 Dungeon Crawl Stone Soup version 0.31.0-12-g77e489cdc1 (webtiles) character file.

Game seed: 13720278935860494304

184 Gadfly the Insei (level 5, -3/61 HPs)
             Began as a Demonspawn Monk on Feb 11, 2024.
             Slain by Edmund
             ... wielding a +2 flail of distortion
              (5 damage)
             ... on level 4 of the Dungeon.
             The game lasted 00:04:01 (2610 turns).

Gadfly the Insei (Demonspawn Monk)                  Turns: 2610, Time: 00:04:02

Health: -3/61      AC: 22    Str: 13    XL:     5   Next: 36%
Magic:  5/5        EV:  2    Int: 11    God:
Gold:   132        SH:  0    Dex: 15    Spells: 4/4 levels left

rFire   . .          .
                       - Unarmed
rCold   . . .        c - orb {light}
rNeg    . . .        a - melded +1 robe
rPois   +            (helmet currently unavailable)
rElec   .            (cloak currently unavailable)
rCorr   .            (gloves currently unavailable)
SInv    .            (boots currently unavailable)
Will    .....        (no amulet)
Stlth   +            (no ring)
HPRegen 0.30/turn    (no ring)
MPRegen 0.09/turn

%: no passive effects
@: tree-form, glowing
A: stationary, stasis, torment immunity, boosted hp, powered by death 1
a: no special abilities


You were on level 4 of the Dungeon.
You were a tree.
You visited 1 branch of the dungeon, and saw 4 of its levels.

You collected 132 gold pieces.

Inventory:

Armour
 a - a +1 robe (melded)
 c - an orb of light (worn)
Scrolls
 h - a scroll of enchant armour
 i - a scroll of teleportation {unknown}
Potions
 b - a potion of ambrosia
 e - a potion of cancellation
 f - a potion of curing
 g - a potion of might {unknown}


   Skills:
 - Level 3.0 Fighting
 + Level 3.2 Dodging
 * Level 3.7 Unarmed Combat
 * Level 2.5 Evocations
 * Level 2.1 Shapeshifting


You had 4 spell levels left.
You didn't know any spells.
Your spell library contained the following spells:

 Spells                   Type           Power      Damage    Failure   Level
 Freeze                   Ice            0%         1d3       34%         1
 Frozen Ramparts          Ice            0%         1d1       71%         3
 Hailstorm                Conj/Ice       0%         3d5       71%         3


Dungeon Overview and Level Annotations

Branches:
Dungeon (4/15)
 Temple: D:4-7

Altars:
Nemelex Xobeh

Shops:
D:2 *

Annotations:
D:4 Edmund


Innate Abilities, Weirdness & Mutations

You are a tree.
Your roots penetrate the ground, keeping you stationary.
You cannot be teleported.
You are immune to unholy pain and torment.
Your maximum health is greatly increased.
Your equipment is partially melded.
You regenerate a little health from kills.


Message History

You barely miss the quokka.
The quokka bites you but does no damage.
You hit the quokka but do no damage.
The quokka bites you but does no damage.
You hit the quokka.
The quokka is moderately wounded.
The quokka misses you.
You hit the quokka.
The quokka is almost dead.
The quokka bites you.
You hit the quokka.
You kill the quokka!
You aren't carrying any items that you can evoke.
Okay, then.
It was a potion of lignification.
You turn into a tree.
Your +1 robe melds into your body.
Your roots penetrate the ground.
Edmund hits you but does no damage. Space warps around you.
It was a potion of curing.
You feel better. Edmund hits you but does no damage.
Space warps horribly around you!!
You hit Edmund but do no damage. Edmund hits you but does no damage.
Space warps horribly around you!!
You hit Edmund.
Edmund is lightly wounded.
Edmund hits you but does no damage.
You hit Edmund.
Edmund is moderately wounded.
Edmund hits you with a +2 flail of distortion.
You barely miss Edmund.
Edmund is moderately wounded.
Edmund hits you with a +2 flail of distortion.
* * * LOW HITPOINT WARNING * * *
Space warps horribly around you!
* * * LOW HITPOINT WARNING * * *
You hit Edmund.
Edmund is moderately wounded.
Edmund hits you with a +2 flail of distortion.
* * * LOW HITPOINT WARNING * * *
Space warps around you.
You die...
Edmund says, "I'd like to see a scythe do that!"

#.........
#.........
##.......#
#.......#
#........
#........
#)†......
#.######@.......
#......♣#+#####.
################.#
.................#
....##############
....# ....# ....#
....# .....#


You could see Edmund.

Vanquished Creatures
  A scorpion (D:3)
  A hound (D:4)
  3 adders
  2 dart slugs
  An orc (D:3)
  4 bats
  6 endoplasms
  2 giant cockroaches
  5 goblins
  8 hobgoblins
  2 jackals (D:2)
  11 kobolds
  4 quokkas
  3 ball pythons
  7 frilled lizards (D:1)
  5 rats
65 creatures vanquished.

Notes
Turn   | Place    | Note
-------+----------+-------------------------------------------
     0 | D:1      | Gadfly the Demonspawn Monk began the quest for the Orb.
     0 | D:1      | Reached XP level 1. HP: 18/18 MP: 1/1
   194 | D:1      | Gained mutation: You regenerate a little health from kills.
                  | [demonic ancestry]
   194 | D:1      | Reached XP level 2. HP: 24/24 MP: 2/2
   327 | D:1      | Reached skill level 1 in Shapeshifting
   347 | D:1      | Reached skill level 1 in Evocations
   758 | D:2      | Reached XP level 3. HP: 14/29 MP: 3/3
   909 | D:2      | Found a sparkling altar of Nemelex Xobeh.
  1041 | D:2      | Found Ackol's General Store.
  1781 | D:3      | Reached XP level 4. HP: 31/35 MP: 4/4
  2388 | D:4      | Noticed a scorpion
  2398 | D:3      | Killed a scorpion
  2399 | D:3      | Reached XP level 5. HP: 32/41 MP: 5/5
  2587 | D:4      | Noticed Edmund
  2609 | D:4      | HP: 3/61 [Edmund/+2 flail of distortion (14)]
  2610 | D:4      | Slain by Edmund

Illustrated notes

Levels and vault maps discovered:
D:1:      saegor_arrival_simple_c, layout_loops_ring
D:2:      layout_basic, basic_altar, serial_shops, shop,
          nicolae_concentric_dashed_squares_wild, minmay_misc_feat_plants,
          minmay_tree_intersection
D:3:      layout_loops_ring, hangedman_abyss_or_decor_stabs
D:4:      layout_basic, okawaru_metal_pillars_1_2, uniq_natasha, uniq_edmund

Skill      XL: |  1  2  3  4  5 |
---------------+----------------+-----
Shapeshifting  | 1 2 |  2.1
Evocations     | 1 2 |  2.5
Unarmed Combat | 3 |  3.7
Dodging        | 3 |  3.2
Fighting       | |  3.0

Action                     |  1- 3 |  4- 6 || total
---------------------------+-------+-------++-------
  Melee: Unarmed           |   136 |    92 ||   228
    Use: Scroll            |     6 |       ||     6
         Potion            |       |     2 ||     2
 Armour: Robe              |    53 |    44 ||    97
         Skin              |       |     7 ||     7
  Dodge: Dodged            |    82 |    64 ||   146
